 Dungeon Sprint DCSS version 0.27-a0-1565-gad902ab807 (webtiles) character file.

Game seed: 9052916678743918235

74769 mhtbhm the Executioner (level 15, -5/232 HPs)
             Began as a Minotaur Fighter on July 16, 2021.
             Was the Champion of Qazlal.
             Killed from afar by a Hell Sentinel (50 damage)
             ... with an iron shot
             ... in the Dungeon (Sprint V: "Ziggurat Sprint").
             The game lasted 00:09:21 (1294 turns).

mhtbhm the Executioner (Minotaur Fighter)           Turns: 1294, Time: 00:09:22

Health: -5/232     AC: 42    Str: 37    XL:     15   Next: 7%
Magic:  21/34      EV:  9    Int:  5    God:    Qazlal [******]
Gold:   0          SH: 34    Dex:  9    Spells: 14/14 levels left

rFire    + + .     SeeInvis .   t - +8 broad axe (vamp)
rCold    + . .     Faith    .   c - +0 tower shield
rNeg     . . .     Spirit   .   b - +15 Maxwell's patent armour {-Cast -Tele rElec Will+ rCorr}
rPois    .         Reflect  .   (helmet restricted)
rElec    +         Harm     .   x - +2 cloak {Will+}
rCorr    +         Rampage  .   H - +2 pair of gloves {archery}
Will     +++..     Clarity  +   (no boots) Stlth ..........NoTele +
                                E - amulet of Buon {Acrobat MP+9}
HPRegen  0.48/turn NoCast   +   F - ring of Igicocanei {AC+4 Str+5}
MPRegen  0.24/turn              K - ring "Wounk" {rF+ rC+ Str+4}

@: berserking, protected from fire, studying Staves, repel missiles, very quick
A: horns 2, retaliatory headbutt, clarity, low mp 1, screaming 1, subdued magic
1
a: Renounce Religion, Upheaval, Elemental Force, Disaster Area


You were in the Dungeon.
You worshipped Qazlal.
Qazlal was exalted by your worship.
You visited 1 branch

Inventory:

Hand Weapons
 a - the +14 obsidian axe {vorpal, Drain Fly SInv}
   (You found it in the Dungeon)

   It inflicts extra damage upon your enemies.
   It occasionally summons demons to assist the wielder when it strikes in
   combat.
   Its wielder is mesmerised by any visible foes.
   It cannot be unequipped while any foes are visible.
   SInv:      It lets you see invisible.
   Fly:       It grants you flight.
   Drain:     It drains your maximum health when unequipped.
 t - a +8 vampiric broad axe (weapon)
 N - the +8 mithril axe "Arga" {speed, Will+}
   (You found it in the Dungeon)

   Attacks with this weapon are significantly faster.
   Will:      It increases your willpower.
Armour
 b - the +15 Maxwell's patent armour (worn) {-Cast -Tele rElec Will+ rCorr}
   (You found it in the Dungeon)

   rElec:     It insulates you from electricity.
   -Cast:     It prevents spellcasting.
   -Tele:     It prevents most forms of teleportation.
   rCorr:     It protects you from acid and corrosion.
   Will:      It increases your willpower.
 c - a +0 tower shield (worn)
 x - a +2 cloak of willpower (worn)
 H - a +2 pair of gloves of archery (worn)
Jewellery
 u - a ring of resist corrosion
 E - the amulet of Buon (around neck) {Acrobat MP+9}
   (You found it in the Dungeon)

   [amulet of the acrobat]

   It increases your evasion while moving and waiting.
   MP:        It affects your magic capacity (+9).
 F - the ring of Igicocanei (left hand) {AC+4 Str+5}
   (You found it in the Dungeon)

   [ring of protection]

   AC:        It affects your AC (+4).
   Str:       It affects your strength (+5).
 K - the ring "Wounk" (right hand) {rF+ rC+ Str+4}
   (You found it in the Dungeon)

   [ring of protection from cold]

   Str:       It affects your strength (+4).
   rF:        It protects you from fire.
   rC:        It protects you from cold.
Wands
 A - a wand of mindburst (7)
 B - a wand of iceblast (7)
 C - a wand of acid (7)
Scrolls
 j - 4 scrolls of blinking
 o - 4 scrolls of amnesia
 p - 7 scrolls of fog
 q - a scroll of holy word
 r - 5 scrolls of identify
 s - 2 scrolls of fear
Potions
 d - 7 potions of might
 e - 9 potions of curing
 f - 8 potions of heal wounds
 g - 10 potions of haste
 h - 7 potions of magic
 i - 2 potions of berserk rage
 k - 2 potions of brilliance
 l - 2 potions of invisibility
 m - 4 potions of resistance
 n - a potion of experience
Miscellaneous
 v - a piece from Xom's chessboard (15/15)
 w - a condenser vane
 y - a box of beasts
 z - a tin of tremorstones (2/2)
 D - a lightning rod (4/4)
 I - a phantom mirror


   Skills:
 + Level 20.2 Fighting
 + Level 22.6 Axes
 + Level 14.5 Armour
 + Level 4.0 Dodging
 + Level 14.7 Stealth
 + Level 21.0 Shields
 * Level 20.0 Invocations
 + Level 4.9 Evocations


You had 14 spell levels left.
You didn't know any spells.
Your spell library contained the following spells:

 Spells                   Type           Power      Damage    Failure   Level
 Animate Skeleton         Necr           0%         N/A       98%         1
 Apportation              Tloc           0%         N/A       98%         1
 Corona                   Hex            0%         N/A       98%         1
 Foxfire                  Conj/Fire      0%         2x1d4     98%         1
 Magic Dart               Conj           0%         1d3       98%         1
 Summon Small Mammal      Summ           0%         N/A       98%         1
 Blink                    Tloc           N/A        N/A       99%         2
 Call Imp                 Summ           0%         N/A       99%         2
 Ensorcelled Hibernation  Hex/Ice        0%         N/A       99%         2
 Slow                     Hex            0%         N/A       99%         2
 Static Discharge         Conj/Air       0%         N/A       99%         2
 Sublimation of Blood     Necr           0%         N/A       99%         2
 Call Canine Familiar     Summ           0%         N/A       100%        3
 Confusing Touch          Hex            0%         N/A       100%        3
 Conjure Flame            Conj/Fire      0%         6-21      100%        3
 Dazzling Flash           Conj/Hex       0%         N/A       100%        3
 Gell's Gravitas          Tloc           0%         N/A       100%        3
 Ignite Poison            Fire/Tmut/Pois 0%         N/A       100%        3
 Inner Flame              Hex/Fire       0%         N/A       100%        3
 Lesser Beckoning         Tloc           0%         N/A       100%        3
 Mephitic Cloud           Conj/Pois/Air  0%         N/A       100%        3
 Stone Arrow              Conj/Erth      0%         3d7       100%        3
 Summon Guardian Golem    Hex/Summ       0%         N/A       100%        3
 Teleport Other           Tloc           0%         N/A       100%        3
 Tukima's Dance           Hex            0%         N/A       100%        3
 Animate Armour           Summ/Erth      0%         N/A       100%        4
 Fulminant Prism          Conj/Hex       0%         3d6       100%        4
 Iskenderun's Mystic Bla  Conj/Tloc      0%         2d3       100%        4
 Petrify                  Tmut/Erth      0%         N/A       100%        4
 Agony                    Necr           0%         N/A       100%        5
 Alistair's Intoxication  Tmut/Pois      0%         N/A       100%        5
 Bolt of Magma            Conj/Fire/Erth 0%         4d4       100%        5
 Freezing Cloud           Conj/Ice/Air   0%         6-21      100%        5
 Irradiate                Conj/Tmut      0%         3d13      100%        5
 Iskenderun's Battlesphe  Conj           0%         2d6       100%        5
 Lee's Rapid Deconstruct  Erth           0%         3d5*      100%        5
 Lightning Bolt           Conj/Air       0%         1d11      100%        5
 Manifold Assault         Tloc           0%         N/A       100%        5
 Metabolic Englaciation   Hex/Ice        0%         N/A       100%        5
 Silence                  Hex/Air        0%         N/A       100%        5
 Yara's Violent Unravell  Hex/Tmut       0%         3d3       100%        5
 Conjure Ball Lightning   Conj/Air       0%         3x3d6     100%        6
 Dispersal                Tloc           0%         N/A       100%        6
 Starburst                Conj/Fire      0%         8x6d3     100%        6
 Malign Gateway           Summ/Tloc      0%         N/A       100%        7
 Monstrous Menagerie      Summ           0%         N/A       100%        7
 Ozocubu's Refrigeration  Ice            0%         4d5       100%        7
 Spellforged Servitor     Conj/Summ      0%         N/A       100%        7
 Disjunction              Tloc           0%         N/A       100%        8
 Ignition                 Fire           0%         3d3       100%        8
 Maxwell's Capacitive Co  Air            0%         ∞         100%        8
 Summon Horrible Things   Summ           0%         N/A       100%        8
 Chain Lightning          Conj/Air       0%         N/A       100%        9
 Fire Storm               Conj/Fire      0%         5d1       100%        9


Dungeon Overview and Level Annotations

Branches:
Dungeon (1/1)

Altars:
Ashenzari
Cheibriados
Dithmenos
Elyvilon
Fedhas
Gozag
Hepliaklqana
Kikubaaqudgha
Makhleb
Nemelex Xobeh
Okawaru
Qazlal
Ru
Sif Muna
Trog
Uskayaw
Vehumet
Wu Jian
Xom
Yredelemnul
Zin
The Shining One
Beogh
Jiyva
Lugonu


Innate Abilities, Weirdness & Mutations

You have a pair of horns on your head.
You reflexively headbutt those who attack you in melee.
You possess an exceptional clarity of mind.
Your magical capacity is low. (-10% MP)
You occasionally shout uncontrollably at your foes.
Your spells are a little easier to cast, but a little less powerful.


Message History

The Hell Sentinel completely resists.
The damnation engulfs the Hell Sentinel.
The Hell Sentinel completely resists.
You hit the Hell Sentinel. You headbutt the Hell Sentinel!!
The Hell Sentinel is heavily wounded.
You barely miss the Hell Sentinel.
Unknown command.
You barely miss the Hell Sentinel.
The Hell Sentinel is heavily wounded.
You slash the Hell Sentinel!
You block the Hell Sentinel's attack. x3
The Hell Sentinel hits you but does no damage.
Unknown command.
Unknown command.
You slice the Hell Sentinel!!
The Hell Sentinel is severely wounded.
You hit the Hell Sentinel.
The Hell Sentinel hits you but does no damage.
You block the Hell Sentinel's attack.
You hit the Hell Sentinel but do no damage.
The Hell Sentinel is severely wounded.
You hit the Hell Sentinel but do no damage.
You block the Hell Sentinel's attack. x2
Unknown command.
You hit the Hell Sentinel but do no damage.
Your headbutt misses the Hell Sentinel.
The Hell Sentinel is severely wounded.
You slash the Hell Sentinel! You slash the Hell Sentinel!
The Hell Sentinel is almost dead.
You slice the Hell Sentinel!! You block the Hell Sentinel's attack.
The Hell Sentinel hits you but does no damage.
You block the Hell Sentinel's attack.
The Hell Sentinel hits you but does no damage.
Unknown command.
You hit the Hell Sentinel. You headbutt the Hell Sentinel!
The Hell Sentinel is almost dead.
You hit the Hell Sentinel but do no damage.
The Hell Sentinel gestures at you. The iron shot hits you!!!
You die...

▓........
..[.:}))))==)..▓.......)
....[)!))......▓.......)
.........)..≈..▓......))
....)..)...†...▓......).
...........≈≈..▓.......|
........☼○.....▓..▓.....
.....○11○......▓........
.......@.°.....▓........
...▓...°...▓...▓......©.
. ▓▓..°○≈▓▓ .▓▓▓▓▓▓▓▓▓
...▓.....≈.▓...▓.....8©8
........≈......▓.)))))).
......≈©.......▓..):)..|
▓▓▓▓▓▓▓▓▓▓▓▓▓▓▓▓...))...
▓.....).. ▓.)...)..


You could see 2 Hell Sentinels.

Vanquished Creatures
  A pearl dragon (D)
  An Orb Guardian (D)
  A death cob (D)
  A storm dragon (D)
  A tentacled starspawn (D)
  5 deep elf sorcerers (D)
  An iron dragon (D)
  An angel (D)
  A reaper (D)
  3 very ugly things (D)
  A deep elf annihilator (D)
  3 stone giants (D)
  A red draconian (D)
  2 apis (D)
  3 purple draconians (D)
  An ettin (shapeshifter) (D)
  12 vault guards (D)
  A deep elf high priest (D)
  A mummy priest (D)
  A rakshasa (D)
  A yaktaur captain (D)
  A two-headed ogre (shapeshifter) (D)
  3 dancing weapons (D)
  A death scarab (D)
  An orc high priest (D)
  A thrashing horror (D)
  4 deep elf knights (D)
  A goliath frog (shapeshifter) (D)
  A skeletal warrior (D)
  A death drake (shapeshifter) (D)
  A deep troll (shapeshifter) (D)
  3 cherubim (D)
  A glowing orange brain (shapeshifter) (D)
  2 sea snakes (shapeshifter) (D)
  4 starcursed masses (D)
  An orb spider (shapeshifter) (D)
  A deep elf archer (D)
  3 deep elf pyromancers (D)
  4 deep elf zephyrmancers (D)
  3 shining eyes (D)
  2 wolf spiders (D)
  2 orc knights (D)
  A mana viper (shapeshifter) (D)
  A cyclops (shapeshifter) (D)
  An orc sorcerer (D)
  A glowing shapeshifter (D)
  A salamander (shapeshifter) (D)
  3 ugly things (D)
  A moth of wrath (D)
  An elephant (shapeshifter) (D)
  5 rust devils (D)
  An apocalypse crab (D)
  A black mamba (shapeshifter) (D)
  A cane toad (shapeshifter) (D)
  3 hellions (D)
  An orange demon (D)
  2 yaktaurs (D)
  A yaktaur (shapeshifter) (D)
  A guardian mummy (D)
  3 tormentors (D)
  A polar bear (shapeshifter) (D)
  A merfolk (shapeshifter) (D)
  3 red devils (D)
  A troll (shapeshifter) (D)
  2 slime creatures (shapeshifter) (D)
  A jumping spider (shapeshifter) (D)
  A dream sheep (shapeshifter) (D)
  A snapping turtle (shapeshifter) (D)
  3 flying skulls (D)
  2 tarantellas (D)
  2 vampires (D)
  A wraith (D)
  A ynoxinul (D)
  An ushabti (D)
  An air elemental (D)
  A redback (D)
  A shadow (D)
  A fire elemental (D)
  6 neqoxecs (D)
  2 black bears (D)
  A hell hound (D)
  12 orc warriors (D)
  2 necrophages (D)
  2 ogres (D)
  2 wolves (D)
  2 scorpions (D)
  An earth elemental (D)
  3 wights (D)
  2 crimson imps (D)
  3 quasits (D)
  A jelly (D)
  5 iron imps (D)
  2 orc wizards (D)
  2 adders (D)
  A shadow imp (D)
  A white imp (D)
  2 ufetubi (D)
  2 orcs (D)
  4 bat zombies (D)
  An endoplasm (D)
  A ball python (D)
  2 ball python skeletons (D)
  2 ball python zombies (D)
  A jackal skeleton (D)
  A quokka skeleton (D)
  A quokka zombie (D)
205 creatures vanquished.

Vanquished Creatures (collateral kills)
  A black draconian (D)
  A purple draconian (D)
  A wolf spider (D)
  An orc warrior (D)
  An orc (D)
5 creatures vanquished.

Vanquished Creatures (others)
  2 starspawn tentacles (D)
2 creatures vanquished.

Grand Total: 212 creatures vanquished

Notes
Turn   | Place    | Note
-------+----------+-------------------------------------------
     0 | D        | mhtbhm the Minotaur Fighter began the quest for the Orb.
     0 | D        | Reached XP level 1. HP: 19/19 MP: 0/0
     0 | D        | Found a shimmering blue altar of Sif Muna.
     0 | D        | Found a bloodstained altar of Trog.
     0 | D        | Found a sacrificial altar of Ru.
     0 | D        | Found a stormy altar of Qazlal.
     0 | D        | Found an iron altar of Okawaru.
     1 | D        | Found a sparkling altar of Nemelex Xobeh.
     1 | D        | Found a blossoming altar of Fedhas.
     2 | D        | Found the +6 Majin-Bo {vamp, MP+6 Int+6}
     2 | D        | Found the +9 heavy crossbow "Sniper" {vorpal, Acc+∞ SInv}
     2 | D        | Found the +10 dark maul {vorpal}
     2 | D        | Found the +15 Maxwell's patent armour {-Cast -Tele rElec
                  | Will+ rCorr}
     2 | D        | Found the +18 shield of the Gong {rElec rN+ Will+ EV-5}
     2 | D        | Found the +14 obsidian axe {vorpal, Drain Fly SInv}
     2 | D        | Found the +7 great mace "Firestarter" {inner flame, rF++}
     2 | D        | Found the +6 shillelagh "Devastator" {shatter}
     2 | D        | Found the +11 plutonium sword {Contam Stlth-}
     2 | D        | Found the +8 lance "Wyrmbane" {slay drac, rPois rF+ rC+
                  | AC+3}
     2 | D        | Found the +9 sword of Zonguldrok {reap}
     2 | D        | Found the +13 scythe of Curses {drain, Drain}
     2 | D        | Found the +5 sword of Power {vorpal}
     2 | D        | Found the +7 mace of Variability {chain chaos}
     2 | D        | Found the +7 Singing Sword {vorpal, sonic wave}
     2 | D        | Found the +8 storm bow {elec, penet}
     3 | D        | Found a transporter.
     3 | D        | Found an ancient bone altar of Kikubaaqudgha.
     3 | D        | Found a viscous altar of Jiyva.
     3 | D        | Found a corrupted altar of Lugonu.
     3 | D        | Found a hazy altar of Hepliaklqana.
     3 | D        | Found a burning altar of Makhleb.
     3 | D        | Found an opulent altar of Gozag.
    63 | D        | Became a worshipper of Qazlal Stormbringer
    78 | D        | Entered arena 2.
    78 | D        | Noticed a jelly
    78 | D        | Found a transporter.
    80 | D        | Killed a jelly
    81 | D        | Reached skill level 5 in Fighting
    81 | D        | Reached skill level 3 in Axes
    81 | D        | Reached skill level 5 in Armour
    81 | D        | Reached skill level 5 in Shields
    81 | D        | Reached XP level 2. HP: 29/29 MP: 1/1
    81 | D        | Reached XP level 3. HP: 36/36 MP: 2/2
    86 | D        | Entered arena 3.
    86 | D        | Found a transporter.
    89 | D        | Reached * piety under Qazlal
    92 | D        | Reached skill level 1 in Invocations
   105 | D        | Entered arena 4.
   105 | D        | Noticed a necrophage
   105 | D        | Found a transporter.
   107 | D        | Reached ** piety under Qazlal
   109 | D        | Killed a necrophage
   110 | D        | Reached skill level 4 in Axes
   110 | D        | Reached XP level 4. HP: 45/47 MP: 2/5
   110 | D        | Reached XP level 5. HP: 50/52 MP: 2/6
   111 | D        | Reached skill level 6 in Axes
   161 | D        | Entered arena 5.
   161 | D        | Noticed a wolf
   161 | D        | Noticed a wolf
   161 | D        | Noticed a black bear
   161 | D        | Noticed a black bear
   161 | D        | Found a transporter.
   163 | D        | Killed a wolf
   163 | D        | Reached *** piety under Qazlal
   164 | D        | Reached XP level 6. HP: 62/62 MP: 8/8
   165 | D        | Reached skill level 8 in Axes
   165 | D        | Reached skill level 5 in Invocations
   166 | D        | Reached XP level 7. HP: 69/70 MP: 8/10
   169 | D        | Got the Reference Book on the Scorching Birds
   181 | D        | Entered arena 6.
   181 | D        | Noticed a fire elemental
   181 | D        | Noticed an air elemental
   181 | D        | Noticed a deep elf archer
   181 | D        | Noticed a deep elf knight
   181 | D        | Noticed a deep elf knight
   181 | D        | Found a transporter.
   184 | D        | Killed an air elemental
   184 | D        | Reached **** piety under Qazlal
   185 | D        | Reached skill level 9 in Axes
   185 | D        | Killed a fire elemental
   186 | D        | Reached skill level 10 in Fighting
   188 | D        | Killed a deep elf knight
   189 | D        | Reached skill level 10 in Axes
   189 | D        | Reached skill level 10 in Shields
   189 | D        | Reached XP level 8. HP: 69/81 MP: 10/12
   192 | D        | Killed a deep elf archer
   193 | D        | Reached skill level 11 in Axes
   193 | D        | Reached skill level 10 in Armour
   193 | D        | Reached skill level 1 in Stealth
   195 | D        | Killed a deep elf knight
   196 | D        | Reached skill level 12 in Axes
   196 | D        | Reached XP level 9. HP: 77/89 MP: 11/14
   243 | D        | Entered arena 7.
   243 | D        | Noticed a death scarab
   243 | D        | Noticed a mummy priest
   243 | D        | Noticed a guardian mummy
   244 | D        | Found a transporter.
   246 | D        | Reached ***** piety under Qazlal
   251 | D        | Killed a mummy priest
   251 | D        | Killed a guardian mummy
   251 | D        | Killed a death scarab
   252 | D        | Reached skill level 14 in Axes
   252 | D        | Reached skill level 10 in Invocations
   252 | D        | Reached XP level 10. HP: 55/100 MP: 7/16
   262 | D        | Got the Incunabulum of the Creative Birds
   303 | D        | Entered arena 8.
   303 | D        | Noticed a rakshasa
   303 | D        | Noticed a thrashing horror
   306 | D        | Killed a thrashing horror
   307 | D        | Reached skill level 15 in Axes
   307 | D        | Found a transporter.
   313 | D        | Killed a rakshasa
   313 | D        | Reached ****** piety under Qazlal
   346 | D        | Entered arena 9.
   346 | D        | Noticed a cane toad
   346 | D        | Noticed a green ugly thing
   346 | D        | Noticed a salamander
   346 | D        | Noticed a purple ugly thing
   347 | D        | Found a transporter.
   354 | D        | Killed a green ugly thing
   354 | D        | Killed a salamander
   355 | D        | Reached skill level 16 in Axes
   355 | D        | Reached skill level 1 in Evocations
   355 | D        | Killed a cane toad
   357 | D        | Gained mutation: You occasionally shout uncontrollably at
                  | your foes. [a neqoxec]
   358 | D        | Killed a green ugly thing
   359 | D        | Reached skill level 5 in Stealth
   376 | D        | Entered arena 10.
   376 | D        | Noticed a wolf spider
   376 | D        | Noticed a wolf spider
   376 | D        | Noticed a wolf spider
   377 | D        | Found a transporter.
   381 | D        | Killed a wolf spider
   382 | D        | Reached XP level 11. HP: 108/108 MP: 18/18
   383 | D        | Killed a wolf spider
   384 | D        | Reached skill level 17 in Axes
   384 | D        | Killed a wolf spider
   391 | D        | Got the ring of Igicocanei {AC+4 Str+5}
   427 | D        | Entered arena 11.
   428 | D        | Found a transporter.
   444 | D        | Got Sif Muna's Papyrus of Snow
   465 | D        | Entered arena 12.
   465 | D        | Noticed a purple draconian
   465 | D        | Noticed a purple draconian
   465 | D        | Noticed a purple draconian
   465 | D        | Noticed a red draconian
   465 | D        | Noticed a death cob
   465 | D        | Noticed a black draconian
   465 | D        | Noticed a storm dragon
   466 | D        | Noticed a purple draconian
   466 | D        | Noticed an Orb Guardian
   470 | D        | Killed a death cob
   471 | D        | Reached skill level 18 in Axes
   472 | D        | Killed an Orb Guardian
   473 | D        | Reached skill level 1 in Dodging
   474 | D        | Killed a red draconian
   475 | D        | Reached skill level 15 in Shields
   479 | D        | Killed a purple draconian
   480 | D        | Found a transporter.
   481 | D        | Killed a black draconian
   482 | D        | Reached skill level 15 in Fighting
   482 | D        | Reached skill level 19 in Axes
   483 | D        | Killed a purple draconian
   484 | D        | Reached XP level 12. HP: 69/119 MP: 12/20
   484 | D        | Killed a storm dragon
   485 | D        | Killed a purple draconian
   492 | D        | Killed a purple draconian
   516 | D        | Got the amulet "Fiunit" {Spirit Contam rElec rPois Int+3}
   539 | D        | Entered arena 13.
   540 | D        | Noticed a cyan very ugly thing
   540 | D        | Noticed an anaconda
   540 | D        | a faun changed into an anaconda
   541 | D        | Found the +8 glaive of the Guard {elec, spectral, AC+5}
   542 | D        | Noticed an ettin
   542 | D        | an anaconda changed into an ettin
   543 | D        | Killed a cyan very ugly thing
   543 | D        | Noticed a two-headed ogre
   543 | D        | a manticore changed into a two-headed ogre
   544 | D        | Reached skill level 20 in Axes
   545 | D        | Found a transporter.
   545 | D        | Noticed an anaconda
   545 | D        | a two-headed ogre changed into an anaconda
   547 | D        | Killed an ettin
   547 | D        | an anaconda changed into a swamp worm
   573 | D        | Got the amulet of Buon {Acrobat MP+9}
   589 | D        | Entered arena 14.
   590 | D        | Noticed an apis
   590 | D        | Noticed an angel
   590 | D        | Noticed an apis
   590 | D        | Noticed a pearl dragon
   591 | D        | Identified the ring "Itzeihuq" {Ice rN+}
   592 | D        | Found a transporter.
   595 | D        | Killed an angel
   601 | D        | Killed a pearl dragon
   602 | D        | Reached skill level 15 in Invocations
   602 | D        | Reached XP level 13. HP: 122/130 MP: 9/23
   602 | D        | Killed an apis
   604 | D        | Killed an apis
   663 | D        | Got the ring "Wounk" {rF+ rC+ Str+4}
   676 | D        | Got the ring "Omymp" {rF- rC+ rN+ Will+ rCorr}
   727 | D        | Entered arena 15.
   727 | D        | Noticed a tentacled starspawn
   728 | D        | Noticed a starcursed mass
   731 | D        | Killed a tentacled starspawn
   732 | D        | Found a transporter.
   737 | D        | Reached skill level 21 in Axes
   822 | D        | Entered arena 16.
   827 | D        | Found a transporter.
   843 | D        | Got the Guide on Nocuous Creation
   852 | D        | Got the Almanac of Vitriolic Combat Magic
   883 | D        | Entered arena 17.
   892 | D        | Found a transporter.
   947 | D        | Entered arena 18.
   949 | D        | Noticed a stone giant
   949 | D        | Identified the +6 glaive "Qunwyf" {flame, *Corrode rElec
                  | rPois Will++}
   950 | D        | Noticed a stone giant
   950 | D        | Noticed a stone giant
   950 | D        | Identified the ring "Toanoyn" {*Slow rElec rF+ Str+7 Dex+4}
   950 | D        | Identified the +5 morningstar "Leviticus" {vorpal, Will++
                  | Str+4 Dex-2}
   950 | D        | Identified the amulet of Xom's Capriciousness {Spirit
                  | Rampage Drain rElec Dex+3}
   958 | D        | Found a transporter.
   963 | D        | Killed a stone giant
   968 | D        | Killed a stone giant
   969 | D        | Reached skill level 10 in Stealth
   970 | D        | Killed a stone giant
   975 | D        | Reached XP level 14. HP: 143/143 MP: 26/26
  1055 | D        | Entered arena 19.
  1057 | D        | Noticed a deep elf sorcerer
  1057 | D        | Noticed a deep elf sorcerer
  1058 | D        | Noticed a deep elf sorcerer
  1058 | D        | Noticed a deep elf sorcerer
  1058 | D        | Noticed a deep elf sorcerer
  1060 | D        | Killed a deep elf sorcerer
  1060 | D        | Killed a deep elf sorcerer
  1060 | D        | Killed a deep elf sorcerer
  1060 | D        | Killed a deep elf sorcerer
  1060 | D        | Killed a deep elf sorcerer
  1061 | D        | Reached skill level 22 in Axes
  1061 | D        | Identified the +4 great mace "Heqor" {holy, rN++ Will++
                  | Int-2}
  1066 | D        | Found a transporter.
  1193 | D        | Entered arena 20.
  1197 | D        | Noticed a cyan very ugly thing
  1198 | D        | Noticed a red very ugly thing
  1199 | D        | Found the +8 mithril axe "Arga" {speed, Will+}
  1199 | D        | Gained mutation: Your spells are a little easier to cast,
                  | but a little less powerful. [a shining eye]
  1200 | D        | Gained mutation: Your magical capacity is low. (-10% MP) [a
                  | neqoxec]
  1203 | D        | Killed a purple very ugly thing
  1205 | D        | Gained mutation: You possess an exceptional clarity of
                  | mind. [a neqoxec]
  1206 | D        | Killed a cyan very ugly thing
  1211 | D        | Found a transporter.
  1251 | D        | Got Nousypn's Reference Book on the Arsonist
  1274 | D        | Entered arena 21.
  1278 | D        | Noticed a reaper
  1278 | D        | Noticed a Hell Sentinel
  1279 | D        | Noticed a Hell Sentinel
  1279 | D        | Noticed an iron dragon
  1280 | D        | Identified the amulet of Oklouw {RegenMP +Inv rPois rN++
                  | Str-5}
  1280 | D        | Identified the amulet of Zin's Benevolence {Spirit Rampage}
  1282 | D        | Killed an iron dragon
  1282 | D        | Killed a reaper
  1283 | D        | Reached XP level 15. HP: 61/155 MP: 25/25
  1294 | D        | Killed from afar by a Hell Sentinel

Illustrated notes

Levels and vault maps discovered:
D:        sprint_v [room_start, room_1, room_2, room_3, room_4, room_5, room_6,
          room_7, room_8, room_9, room_10, room_11, room_12, room_13, room_14,
          room_15, room_16, room_17, room_18, room_19, room_20, room_21,
          room_22, room_23, room_24, room_25, room_26, room_27]

Skill      XL: |  1  2  3  4  5  6  7  8  9 10 11 12 13 14 15 |
---------------+----------------------------------------------+-----
Fighting       | 5 7 8 9 10 11 12 13 15 16 18 20 | 20.2
Axes           | 3 4 6 8 10 12 14 16 19 20 21 22 | 22.6
Armour         | 5 6 8 9 10 11 12 13 14 | 14.5
Shields        | 5 6 8 9 10 11 12 13 15 17 19 20 21 | 21.0
Invocations    | 3 4 6 7 8 10 11 13 15 18 20 | 20.0
Stealth        | 2 3 5 6 8 10 14 | 14.7
Evocations     | 1 2 3 4 |  4.9
Dodging        | 1 2 4 |  4.0

Action                   |  1- 3 |  4- 6 |  7- 9 | 10-12 | 13-15 || total
-------------------------+-------+-------+-------+-------+-------++-------
Melee: Broad axe         |     7 |     4 |    14 |    67 |    81 ||   173
       Headbutt          |     2 |       |     2 |    15 |    19 ||    38
Invok: Disaster Area     |       |       |     1 |     4 |     6 ||    11
Evoke: Condenser vane    |       |       |     1 |     5 |     6 ||    12
  Use: Scroll            |       |       |       |     4 |       ||     4
       Potion            |       |       |       |     1 |     3 ||     4
 Stab: Confused          |       |       |     3 |     2 |    16 ||    21
       Distracted        |       |       |       |     2 |       ||     2
Armor: Plate armour      |     5 |     4 |    15 |    39 |    15 ||    78
Dodge: Dodged            |     2 |       |       |    19 |    13 ||    34
       Repelled          |       |       |       |     1 |       ||     1
Block: Kite shield       |     9 |     5 |    13 |    97 |    39 ||   163
       Tower shield      |       |       |       |       |    39 ||    39

Table legend: (Time is in decaauts)
 A = Elapsed time spent in this place.
 B = Non-inter-level travel time spent in this place.
 C = Inter-level travel time spent in this place.
 D = Time resting spent in this place.
 E = Time spent auto-exploring this place.
 F = Levels seen in this place.
 G = Mean time per level.
                   A        B        C        D        E       F      G
               +--------+--------+--------+--------+--------+-----+--------+
         Total |   1265 |   1265 |      0 |    267 |      0 |   1 | 1265.0 |
       Dungeon |   1265 |   1265 |      0 |    267 |      0 |   1 | 1265.0 |
               +--------+--------+--------+--------+--------+-----+--------+

Top non-repeatable levels by time:
       D: 1265 daAuts
